Bears vs Sound Tigers
(R1)
Created - October 15, 2023 at 19:35
Goals
|
| Bears |
1 |
2 |
3 |
6 |
| Sound Tigers |
0 |
2 |
1 |
3 |
|
Shots
|
| Bears |
4 |
10 |
11 |
25 |
| Sound Tigers |
9 |
9 |
15 |
33 |
|
1st period
1. Bears , Logan O'Connor 1 (Nikolay Prokhorkin 1, Adam Lowry 1) at 1:15
Penalties :
Jordan Greenway (BRI) for Hooking (Minor) at 6:01, Jacob Bryson (Her) for Slashing (Minor) at 11:42
2nd period
2. Sound Tigers , Ben Johnson 1 (Brett Connolly 2) at 3:05
3. Sound Tigers , Ben Johnson 2 (Filip Zadina 2, Brett Connolly 3) at 14:23
4. Bears , Jacob Bryson 1 (Kerby Rychel 1, Nicolas Aube-Kubel 2) at 16:59 (PP)
5. Bears , Tommy Vannelli 1 (Sam Carrick 1, Kerby Rychel 2) at 17:36 (PP)
Penalties :
Austin Watson (BRI) for Slashing (Minor) at 4:35, Nikolay Prokhorkin (Her) for Hooking (Minor) at 6:48, Rhett Gardner (BRI) for Tripping (Minor) at 16:53, Joe Labate (BRI) for Slashing (Minor) at 17:30, Ben Johnson (BRI) for Tripping (Minor) at 19:25
3rd period
6. Bears , Vincent Dunn 1 (Joshua Leivo 1, A.J. Jenks 1) at 0:51 (PP)
7. Sound Tigers , Oliver Kylington 1 (Ben Thomson 1, Pavel Kraskovsky 1) at 1:23
8. Bears , A.J. Jenks 2 (Joshua Leivo 2) at 11:08
9. Bears , Cole Smith 1 (Nikolay Prokhorkin 2, Logan O'Connor 1) at 17:26
Penalties :
Oliver Kylington (BRI) for Hooking (Minor) at 2:10, Joshua Leivo (Her) for Hooking (Minor) at 17:53, Austin Watson (BRI) for Slashing (Minor) at 19:44
Goalie Stats
Jake Allen (Her), 30 saves from 33 shots - (0.909), W, 1-1-0, 60:00 minutes
Charlie Lindgren (BRI), 12 saves from 16 shots - (0.750), L, 1-1-0, 40:51 minutes
Chris Driedger (BRI), 7 saves from 9 shots - (0.778), 19:09 minutes
Players Stats for Bears
Player Name G A P +/- PIM S H SB GA TA FO MP PP MP PK MP
------------------------------------------------------------------------------------
A.J. Jenks 1 1 2 0 0 3 2 1 0 0 1/1 16:58 3:14 1:37
Adam Lowry 0 1 1 1 0 0 1 0 1 0 2/5 10:54 0:06 1:09
Austin Wuthrich 0 0 0 1 0 1 0 0 2 1 0/0 12:19 0:06 0:00
Christian Dvorak 0 0 0 0 0 0 4 0 0 0 4/12 12:18 0:00 0:11
Cole Smith 1 0 1 1 0 1 1 0 0 0 0/1 10:40 0:00 0:00
Emil Johansson 0 0 0 1 0 0 1 1 0 1 0/0 12:17 0:31 0:06
Gianluca Curcuruto 0 0 0 1 0 0 2 2 0 1 0/0 21:19 3:00 2:21
Jacob Bryson 1 0 1 1 2 1 1 2 1 0 0/0 15:44 4:35 0:00
Joshua Leivo 0 2 2 0 2 3 1 1 0 1 1/1 17:03 3:21 0:55
Kerby Rychel 0 2 2 -2 0 2 4 0 0 1 2/2 21:14 4:22 3:10
Logan O'Connor 1 1 2 1 0 2 1 1 0 0 0/0 7:46 0:00 0:00
Michael Prapavessis 0 0 0 1 0 0 1 1 0 1 0/0 18:22 0:00 3:28
Mikko Vainonen 0 0 0 -2 0 2 1 2 0 0 0/0 25:17 3:07 2:21
Nicolas Aube-Kubel 0 1 1 -2 0 2 4 0 0 0 1/1 19:33 4:15 1:23
Nikolay Prokhorkin 0 2 2 1 2 0 0 1 0 1 0/0 10:03 0:06 0:07
Sam Carrick 0 1 1 -2 0 2 4 1 0 0 19/35 21:10 4:22 3:06
Tommy Vannelli 1 0 1 -2 0 3 2 1 0 2 0/0 27:09 4:11 3:22
Vincent Dunn 1 0 1 1 0 3 0 0 0 1 0/2 13:54 3:14 0:00
Players Stats for Sound Tigers
Player Name G A P +/- PIM S H SB GA TA FO MP PP MP PK MP
------------------------------------------------------------------------------------
Alex Belzile 0 0 0 -2 0 4 0 0 2 0 0/0 10:40 0:07 0:00
Alexander Yelesin 0 0 0 -1 0 1 2 0 0 0 0/0 11:24 0:00 0:16
Austin Watson 0 0 0 1 4 1 2 0 0 0 1/1 14:44 2:47 0:00
Ben Johnson 2 0 2 1 2 2 1 0 0 0 2/4 9:07 0:00 1:19
Ben Thomson 0 1 1 1 0 3 2 1 1 0 0/1 17:18 2:48 2:37
Brett Connolly 0 2 2 1 0 0 1 0 0 0 1/1 9:50 0:00 1:38
Christian Fischer 0 0 0 0 0 7 6 1 0 0 3/3 23:51 2:54 4:24
Filip Zadina 0 1 1 1 0 0 0 0 1 0 0/0 8:09 0:00 0:20
Gabriel Carlsson 0 0 0 1 0 0 1 1 1 0 0/0 27:19 3:38 4:36
Jakub Galvas 0 0 0 -1 0 0 1 0 0 0 0/0 12:04 0:00 0:59
Joe Labate 0 0 0 0 2 3 2 0 0 0 16/29 19:20 3:01 1:49
Jordan Greenway 0 0 0 0 2 8 1 0 2 1 2/8 22:50 3:01 3:17
Nick Blankenburg 0 0 0 0 0 0 0 1 1 0 0/0 21:34 2:11 3:06
Oliver Kylington 1 0 1 1 2 2 3 1 1 2 0/0 27:09 3:38 3:21
Pavel Kraskovsky 0 1 1 1 0 0 2 0 0 0 5/11 14:41 2:48 0:00
Rhett Gardner 0 0 0 -2 2 0 2 0 0 0 0/2 10:13 0:00 0:00
Slater Koekkoek 0 0 0 0 0 1 4 1 0 1 0/0 21:36 2:11 3:06
Tyrell Goulbourne 0 0 0 -2 0 1 0 0 1 0 0/0 10:14 0:00 0:00
3 Stars
1 - Logan O'Connor (Her)
2 - A.J. Jenks (Her)
3 - Ben Johnson (BRI)
Power Play
Bears - 3 on 7 Attempt(s) - 42.86%
Sound Tigers - 0 on 3 Attempt(s) - 0.00%
Penalty Kill
Bears - 3 on 3 Attempt(s) - 100.00%
- Score 0 goal in Penalty Kill
Sound Tigers - 4 on 7 Attempt(s) - 57.14%
- Score 0 goal in Penalty Kill
Team Stat
Bears - Hits : 30 - Faceoff Wins : 30 - Blocked Shots : 14 - Penalty Minutes : 6
Sound Tigers - Hits : 30 - Faceoff Wins : 30 - Blocked Shots : 6 - Penalty Minutes : 14
Official
Referees : Tim Peel and Frederick L'Ecuyer
Linesman : Steve Miller and Greg Devorski
Game Notes
Chris Driedger enters game at 0:51 of 3rd period
Finance
Level 1 -- Attendance: 2000 (100.00%) -- Ticket Income $140,000
Level 2 -- Attendance: 915 (91.50%) -- Ticket Income $36,600
Total Attendance: 2915 (97.17%)
Total Ticket Income: $176,600
Other Income: $8,830
Total Income: $185,430
Bears
5 vs 5 Forward
Center Left Wing Right Wing Time % Phy DF OF
1 Sam Carrick Kerby Rychel Nicolas Aube-Kubel 35 0 0 5
2 Christian Dvorak A.J. Jenks Joshua Leivo 30 0 0 5
3 Vincent Dunn Cole Smith Austin Wuthrich 20 0 1 4
4 Adam Lowry Nikolay Prokhorkin Logan O'Connor 15 0 2 3
5 vs 5 Defense
Defense Defense Time % Phy DF OF
1 Mikko Vainonen Tommy Vannelli 40 0 2 3
2 Gianluca Curcuruto Michael Prapavessis 30 0 3 2
3 Jacob Bryson Emil Johansson 20 0 3 2
4 Tommy Vannelli Mikko Vainonen 10 0 3 2
PowerPlay Forward
Center Left Wing Right Wing Time % Phy DF OF
1 Sam Carrick Kerby Rychel Nicolas Aube-Kubel 60 0 0 5
2 Vincent Dunn A.J. Jenks Joshua Leivo 40 0 0 5
PowerPlay Defense
Defense Defense Time % Phy DF OF
1 Jacob Bryson Tommy Vannelli 60 0 2 3
2 Mikko Vainonen Gianluca Curcuruto 40 0 2 3
Penalty Kill 4 Players Forward
Center Wing Time % Phy DF OF
1 Sam Carrick Kerby Rychel 60 0 4 1
2 Nicolas Aube-Kubel Joshua Leivo 40 0 4 1
Penalty Kill 4 Players Defense
Defense Defense Time % Phy DF OF
1 Michael Prapavessis Tommy Vannelli 60 0 4 1
2 Mikko Vainonen Gianluca Curcuruto 40 0 4 1
Penalty Kill - 3 Players Forward
Forward Time % Phy DF OF
1 Sam Carrick 60 0 5 0
2 Nicolas Aube-Kubel 40 0 5 0
Penalty Kill - 3 Players Defense
Defense Defense Time % Phy DF OF
1 Tommy Vannelli Michael Prapavessis 60 0 5 0
2 Gianluca Curcuruto Mikko Vainonen 40 0 5 0
4 vs 4 Forward
Center Wing Time % Phy DF OF
1 Sam Carrick Kerby Rychel 60 0 0 5
2 Vincent Dunn Nicolas Aube-Kubel 40 0 0 5
4 vs 4 Defense
Defense Defense Time % Phy DF OF
1 Mikko Vainonen Tommy Vannelli 60 0 2 3
2 Emil Johansson Michael Prapavessis 40 0 3 2
Last Minutes Offensive
Center Left Wing Right Wing Defense Defense
Sam Carrick Kerby Rychel Nicolas Aube-Kubel Christian Dvorak Mikko Vainonen
Last Minutes Defensive
Center Left Wing Right Wing Defense Defense
Sam Carrick Kerby Rychel Nicolas Aube-Kubel A.J. Jenks Mikko Vainonen
Goaltenders
Starting : Jake Allen
Backup : Artyom Zagidulin
Extra Forwards
Normal : Kerby Rychel, Nicolas Aube-Kubel, Sam Carrick - PP : Kerby Rychel, Nicolas Aube-Kubel - PK : Sam Carrick
Extra Defensemen
Normal : Mikko Vainonen, Tommy Vannelli, Gianluca Curcuruto - PP : Jacob Bryson - PK : Mikko Vainonen, Tommy Vannelli
Penalty Shots
Joshua Leivo, Nicolas Aube-Kubel, Kerby Rychel, A.J. Jenks, Christian Dvorak
Custom OT Lines Forwards
Kerby Rychel, Nicolas Aube-Kubel, Sam Carrick, Christian Dvorak, A.J. Jenks, Joshua Leivo, Nikolay Prokhorkin, Cole Smith, Logan O'Connor, Austin Wuthrich
Custom OT Lines Defensemen
Tommy Vannelli, Mikko Vainonen, Michael Prapavessis, Gianluca Curcuruto, Emil Johansson
Scratches
Blake Speers (Healthy), Colby Cave (Healthy), Jesper Pettersson (Healthy), David Farrance (Healthy), Mackenze Stewart (Healthy)
Zack Hayes (Healthy), Mario Ferraro (Healthy), Will Reilly (Healthy), Kristians Rubins (Healthy), Ryan Graves (Healthy)
Isaac Ratcliffe (Healthy), Nicholas Caamano (Healthy), Jakob Stenqvist (Healthy), Arvid Henrikson (Healthy), Kirill Maksimov (Healthy)
Sound Tigers
5 vs 5 Forward
Center Left Wing Right Wing Time % Phy DF OF
1 Joe Labate Jordan Greenway Christian Fischer 40 1 2 2
2 Pavel Kraskovsky Ben Thomson Austin Watson 30 1 2 2
3 Rhett Gardner Tyrell Goulbourne Alex Belzile 20 1 2 2
4 Ben Johnson Filip Zadina Brett Connolly 10 1 2 2
5 vs 5 Defense
Defense Defense Time % Phy DF OF
1 Gabriel Carlsson Oliver Kylington 40 1 2 2
2 Slater Koekkoek Nick Blankenburg 30 1 2 2
3 Alexander Yelesin Jakub Galvas 20 1 2 2
4 Gabriel Carlsson Oliver Kylington 10 1 2 2
PowerPlay Forward
Center Left Wing Right Wing Time % Phy DF OF
1 Joe Labate Jordan Greenway Christian Fischer 60 1 2 2
2 Pavel Kraskovsky Ben Thomson Austin Watson 40 1 2 2
PowerPlay Defense
Defense Defense Time % Phy DF OF
1 Gabriel Carlsson Oliver Kylington 60 1 2 2
2 Slater Koekkoek Nick Blankenburg 40 1 2 2
Penalty Kill 4 Players Forward
Center Wing Time % Phy DF OF
1 Jordan Greenway Christian Fischer 60 1 2 2
2 Ben Thomson Joe Labate 40 1 2 2
Penalty Kill 4 Players Defense
Defense Defense Time % Phy DF OF
1 Gabriel Carlsson Oliver Kylington 60 1 2 2
2 Slater Koekkoek Nick Blankenburg 40 1 2 2
Penalty Kill - 3 Players Forward
Forward Time % Phy DF OF
1 Jordan Greenway 60 1 2 2
2 Christian Fischer 40 1 2 2
Penalty Kill - 3 Players Defense
Defense Defense Time % Phy DF OF
1 Gabriel Carlsson Oliver Kylington 60 1 2 2
2 Slater Koekkoek Nick Blankenburg 40 1 2 2
4 vs 4 Forward
Center Wing Time % Phy DF OF
1 Jordan Greenway Christian Fischer 60 1 2 2
2 Ben Thomson Joe Labate 40 1 2 2
4 vs 4 Defense
Defense Defense Time % Phy DF OF
1 Gabriel Carlsson Oliver Kylington 60 1 2 2
2 Slater Koekkoek Nick Blankenburg 40 1 2 2
Last Minutes Offensive
Center Left Wing Right Wing Defense Defense
Joe Labate Jordan Greenway Christian Fischer Gabriel Carlsson Oliver Kylington
Last Minutes Defensive
Center Left Wing Right Wing Defense Defense
Joe Labate Jordan Greenway Christian Fischer Gabriel Carlsson Oliver Kylington
Goaltenders
Starting : Charlie Lindgren
Backup : Chris Driedger
Extra Forwards
Normal : Alex Belzile, Rhett Gardner, Brett Connolly - PP : Alex Belzile, Rhett Gardner - PK : Brett Connolly
Extra Defensemen
Normal : Alexander Yelesin, Jakub Galvas, Slater Koekkoek - PP : Alexander Yelesin - PK : Jakub Galvas, Slater Koekkoek
Penalty Shots
Jordan Greenway, Christian Fischer, Ben Thomson, Joe Labate, Austin Watson
Custom OT Lines Forwards
Jordan Greenway, Christian Fischer, Ben Thomson, Joe Labate, Austin Watson, Alex Belzile, Pavel Kraskovsky, Rhett Gardner, Brett Connolly, Tyrell Goulbourne
Custom OT Lines Defensemen
Gabriel Carlsson, Oliver Kylington, Slater Koekkoek, Nick Blankenburg, Alexander Yelesin
Scratches
Connor Dewar (Healthy), Alex Steeves (Healthy), Simon Benoit (Healthy), Noah Cates (Healthy), Garret Pilon (Healthy)
Casey Staum (Healthy), Cole Koepke (Healthy), Sean Maguire (Healthy)
% Time on Ice - Bears
Lines # - Real PCT - Wanted PCT - Time Play
Normal Forward
1 - 33% - 35% - 15:27
2 - 27% - 30% - 12:28
3 - 23% - 20% - 10:40
4 - 17% - 15% - 7:46
Normal Defense
1 - 40% - 40% - 18:22
2 - 34% - 30% - 15:58
3 - 23% - 20% - 10:43
4 - 3% - 10% - 1:18
PP Forward
1 - 58% - 60% - 4:28
2 - 42% - 40% - 3:14
PP Defense
1 - 61% - 60% - 4:42
2 - 39% - 40% - 3:00
PK Forward
1 - 76% - 60% - 4:26
2 - 24% - 40% - 1:23
PK Defense
1 - 60% - 60% - 3:28
2 - 40% - 40% - 2:21
PK3 Forward
1 - 0% - 60%
2 - 0% - 40%
PK3 Defense
1 - 0% - 60%
2 - 0% - 40%
44 Forward
1 - 100% - 60% - 0:08
2 - 0% - 40% - 0:00
44 Defense
1 - 100% - 60% - 0:08
2 - 0% - 40% - 0:00
Last Minute Offensive - 0:00
Last Minute Defensive - 0:00
Total
Forward - 60:00
Defense - 60:00
|
% Time on Ice - Sound Tigers
Lines # - Real PCT - Wanted PCT - Time Play
Normal Forward
1 - 35% - 40% - 16:25
2 - 26% - 30% - 11:53
3 - 22% - 20% - 10:14
4 - 17% - 10% - 7:49
Normal Defense
1 - 36% - 40% - 16:34
2 - 36% - 30% - 16:43
3 - 24% - 20% - 11:05
4 - 4% - 10% - 1:59
PP Forward
1 - 52% - 60% - 3:01
2 - 48% - 40% - 2:48
PP Defense
1 - 62% - 60% - 3:38
2 - 38% - 40% - 2:11
PK Forward
1 - 79% - 60% - 6:07
2 - 21% - 40% - 1:35
PK Defense
1 - 60% - 60% - 4:36
2 - 40% - 40% - 3:06
PK3 Forward
1 - 0% - 60%
2 - 0% - 40%
PK3 Defense
1 - 0% - 60%
2 - 0% - 40%
44 Forward
1 - 100% - 60% - 0:08
2 - 0% - 40% - 0:00
44 Defense
1 - 100% - 60% - 0:08
2 - 0% - 40% - 0:00
Last Minute Offensive - 0:00
Last Minute Defensive - 0:00
Total
Forward - 60:00
Defense - 60:00
|
Play-by-Play
1st period
0:01 of 1st period - Sam Carrick wins face-off versus Joe Labate in neutral zone.
0:03 of 1st period - Off-side.
0:04 of 1st period - Joe Labate wins face-off versus Sam Carrick in neutral zone.
0:17 of 1st period - Snap shot by Jordan Greenway.
0:17 of 1st period - Shot Misses the Net.
0:57 of 1st period - Snap shot by Tyrell Goulbourne.
0:57 of 1st period - Shot Misses the Net.
0:59 of 1st period - Snap shot by Alex Belzile.
0:59 of 1st period - Stopped by Jake Allen without a rebound.
1:00 of 1st period - Ben Johnson wins face-off versus Adam Lowry in Bears zone.
1:01 of 1st period - Snap shot by Filip Zadina.
1:01 of 1st period - Shot Misses the Net.
1:15 of 1st period - Snap shot by Logan O'Connor.
1:15 of 1st period - Goal by Logan O'Connor - Bears : 1 - Sound Tigers : 0.
1:16 of 1st period - Joe Labate wins face-off versus Christian Dvorak in neutral zone.
1:23 of 1st period - Snap shot by Joe Labate.
1:23 of 1st period - Stopped by Jake Allen with a rebound.
2:01 of 1st period - Wrist shot by Jordan Greenway.
2:01 of 1st period - Shot Misses the Net.
2:24 of 1st period - Gabriel Carlsson is hit by Emil Johansson and loses puck.
2:32 of 1st period - Icing by Jordan Greenway.
2:33 of 1st period - Joe Labate wins face-off versus Sam Carrick in Sound Tigers zone.
2:33 of 1st period - Joe Labate is hit by Nicolas Aube-Kubel.
3:29 of 1st period - Slapshot by Alex Belzile.
3:29 of 1st period - Stopped by Jake Allen with a rebound.
4:16 of 1st period - Wrist shot by Rhett Gardner.
4:16 of 1st period - Deflect By Alex Belzile.
4:16 of 1st period - Stopped by Jake Allen without a rebound.
4:17 of 1st period - Sam Carrick wins face-off versus Rhett Gardner in Bears zone.
4:38 of 1st period - Cole Smith is hit by Austin Watson and loses puck.
5:04 of 1st period - Wrist shot by Brett Connolly.
5:04 of 1st period - Deflect By Ben Johnson.
5:04 of 1st period - Shot Blocked by Nikolay Prokhorkin.
5:04 of 1st period - Puck is out of play.
5:05 of 1st period - Pavel Kraskovsky wins face-off versus Sam Carrick in Bears zone.
5:10 of 1st period - Wrist shot by Ben Thomson.
5:10 of 1st period - Stopped by Jake Allen with a rebound.
5:12 of 1st period - Wrist shot by Ben Thomson.
5:12 of 1st period - Shot Blocked by Mikko Vainonen.
5:14 of 1st period - Wrist shot by Austin Watson.
5:14 of 1st period - Shot Misses the Net.
5:30 of 1st period - Slater Koekkoek is hit by Christian Dvorak and loses puck.
5:59 of 1st period - Snap shot by Cole Smith.
5:59 of 1st period - Shot Blocked by Christian Fischer.
6:01 of 1st period - Minor Penalty to Jordan Greenway for Hooking.
6:02 of 1st period - Brett Connolly wins face-off versus Sam Carrick in Sound Tigers zone.
6:13 of 1st period - Oliver Kylington is hit by Nicolas Aube-Kubel and loses puck.
6:38 of 1st period - Slapshot by A.J. Jenks.
6:38 of 1st period - Shot Blocked by Nick Blankenburg.
8:01 of 1st period - Penalty to Jordan Greenway is over, Jordan Greenway is back on ice.
8:33 of 1st period - Wrist shot by Tyrell Goulbourne.
8:33 of 1st period - Shot Blocked by Joshua Leivo.
8:35 of 1st period - Slapshot by Rhett Gardner.
8:35 of 1st period - Shot Blocked by Jacob Bryson.
8:37 of 1st period - Slapshot by Oliver Kylington.
8:37 of 1st period - Stopped by Jake Allen with a rebound.
8:56 of 1st period - Snap shot by Austin Watson.
8:56 of 1st period - Shot Misses the Net.
9:20 of 1st period - Rhett Gardner is hit by Sam Carrick and loses puck.
10:45 of 1st period - Nikolay Prokhorkin is hit by Christian Fischer and loses puck.
11:19 of 1st period - Icing by Nicolas Aube-Kubel.
11:20 of 1st period - Sam Carrick wins face-off versus Joe Labate in Bears zone.
11:20 of 1st period - Sam Carrick is hit by Alexander Yelesin.
11:28 of 1st period - Wrist shot by A.J. Jenks.
11:28 of 1st period - Shot Misses the Net.
11:42 of 1st period - Minor Penalty to Jacob Bryson for Slashing.
11:43 of 1st period - Joe Labate wins face-off versus Sam Carrick in Bears zone.
11:57 of 1st period - Off-side.
11:58 of 1st period - Pavel Kraskovsky wins face-off versus Sam Carrick in neutral zone.
12:13 of 1st period - Wrist shot by Ben Thomson.
12:13 of 1st period - Stopped by Jake Allen with a rebound.
12:34 of 1st period - Slapshot by Jordan Greenway.
12:34 of 1st period - Stopped by Jake Allen with a rebound.
12:36 of 1st period - Snap shot by Christian Fischer.
12:36 of 1st period - Stopped by Jake Allen with a rebound.
13:23 of 1st period - Icing by Gabriel Carlsson.
13:24 of 1st period - Adam Lowry wins face-off versus Pavel Kraskovsky in Sound Tigers zone.
13:33 of 1st period - Mikko Vainonen is hit by Austin Watson and loses puck.
13:42 of 1st period - Penalty to Jacob Bryson is over, Jacob Bryson is back on ice.
13:44 of 1st period - Wrist shot by Sam Carrick.
13:44 of 1st period - Shot Misses the Net.
14:21 of 1st period - Nick Blankenburg is hit by Christian Dvorak and loses puck.
14:36 of 1st period - Snap shot by Nikolay Prokhorkin.
14:36 of 1st period - Shot Misses the Net.
15:03 of 1st period - Icing by Nick Blankenburg.
15:04 of 1st period - Sam Carrick wins face-off versus Ben Johnson in Sound Tigers zone.
15:17 of 1st period - Nick Blankenburg is hit by Sam Carrick and loses puck.
15:58 of 1st period - Wrist shot by Brett Connolly.
15:58 of 1st period - Shot Blocked by Gianluca Curcuruto.
16:00 of 1st period - Wrist shot by Brett Connolly.
16:00 of 1st period - Shot Misses the Net.
16:07 of 1st period - Icing by Michael Prapavessis.
16:08 of 1st period - Joe Labate wins face-off versus Vincent Dunn in Bears zone.
17:20 of 1st period - Slapshot by Mikko Vainonen.
17:20 of 1st period - Shot Blocked by Gabriel Carlsson.
17:34 of 1st period - Slapshot by Mikko Vainonen.
17:34 of 1st period - Deflect By Ben Thomson.
17:34 of 1st period - Stopped by Charlie Lindgren with a rebound.
17:40 of 1st period - Snap shot by Nicolas Aube-Kubel.
17:40 of 1st period - Shot Misses the Net.
17:42 of 1st period - Wrist shot by Tommy Vannelli.
17:42 of 1st period - Stopped by Charlie Lindgren with a rebound.
18:52 of 1st period - Pavel Kraskovsky is hit by Kerby Rychel and loses puck.
19:15 of 1st period - Wrist shot by Joshua Leivo.
19:15 of 1st period - Stopped by Charlie Lindgren without a rebound.
19:16 of 1st period - Joe Labate wins face-off versus Sam Carrick in Sound Tigers zone.
19:27 of 1st period - Joe Labate is hit by Sam Carrick and loses puck.
19:42 of 1st period - Jacob Bryson is hit by Pavel Kraskovsky and loses puck.
19:49 of 1st period - Gabriel Carlsson is hit by A.J. Jenks and loses puck.
Goals for this period are 1 for Bears vs 0 for Sound Tigers.
Shots for this period are 4 for Bears vs 9 for Sound Tigers.
2nd period
0:01 of 2nd period - Christian Fischer wins face-off versus Sam Carrick in neutral zone.
0:14 of 2nd period - Snap shot by Kerby Rychel.
0:14 of 2nd period - Stopped by Charlie Lindgren with a rebound.
0:26 of 2nd period - A.J. Jenks is hit by Rhett Gardner and loses puck.
1:14 of 2nd period - Wrist shot by Ben Johnson.
1:14 of 2nd period - Shot Blocked by Logan O'Connor.
2:39 of 2nd period - Kerby Rychel is hit by Jordan Greenway.
2:43 of 2nd period - Tommy Vannelli is hit by Christian Fischer and loses puck.
2:56 of 2nd period - Sam Carrick is hit by Brett Connolly and loses puck.
3:05 of 2nd period - Snap shot by Ben Johnson.
3:05 of 2nd period - Goal by Ben Johnson - Bears : 1 - Sound Tigers : 1.
3:06 of 2nd period - Joe Labate wins face-off versus Christian Dvorak in neutral zone.
3:09 of 2nd period - Christian Dvorak is hit by Christian Fischer.
3:31 of 2nd period - Sam Carrick is hit by Oliver Kylington and loses puck.
3:36 of 2nd period - Snap shot by Pavel Kraskovsky.
3:36 of 2nd period - Shot Blocked by Mikko Vainonen.
3:38 of 2nd period - Wrist shot by Pavel Kraskovsky.
3:38 of 2nd period - Shot Misses the Net.
3:40 of 2nd period - Snap shot by Slater Koekkoek.
3:40 of 2nd period - Stopped by Jake Allen without a rebound.
3:41 of 2nd period - Christian Dvorak wins face-off versus Joe Labate in Bears zone.
3:52 of 2nd period - Backhand shot by Jordan Greenway.
3:52 of 2nd period - Shot Blocked by Michael Prapavessis.
3:54 of 2nd period - Snap shot by Christian Fischer.
3:54 of 2nd period - Shot Misses the Net.
4:06 of 2nd period - Ben Thomson is hit by Kerby Rychel and loses puck.
4:12 of 2nd period - Icing by Austin Watson.
4:13 of 2nd period - Sam Carrick wins face-off versus Pavel Kraskovsky in Sound Tigers zone.
4:35 of 2nd period - Minor Penalty to Austin Watson for Slashing.
4:36 of 2nd period - Sam Carrick wins face-off versus Jordan Greenway in Sound Tigers zone.
5:56 of 2nd period - Gianluca Curcuruto is hit by Gabriel Carlsson and loses puck.
6:19 of 2nd period - Gianluca Curcuruto is hit by Ben Johnson and loses puck.
6:35 of 2nd period - Penalty to Austin Watson is over, Austin Watson is back on ice.
6:48 of 2nd period - Minor Penalty to Nikolay Prokhorkin for Hooking.
6:49 of 2nd period - Joe Labate wins face-off versus Sam Carrick in Bears zone.
6:55 of 2nd period - Slapshot by Christian Fischer.
6:55 of 2nd period - Stopped by Jake Allen with a rebound.
7:31 of 2nd period - Nicolas Aube-Kubel is hit by Slater Koekkoek and loses puck.
7:48 of 2nd period - Ben Thomson is hit by Joshua Leivo and loses puck.
8:48 of 2nd period - Penalty to Nikolay Prokhorkin is over, Nikolay Prokhorkin is back on ice.
9:27 of 2nd period - Ben Johnson is hit by Logan O'Connor and loses puck.
9:48 of 2nd period - Tyrell Goulbourne is hit by Nicolas Aube-Kubel and loses puck.
10:50 of 2nd period - Slater Koekkoek is hit by Christian Dvorak and loses puck.
11:15 of 2nd period - Christian Fischer is hit by Gianluca Curcuruto and loses puck.
11:26 of 2nd period - Tommy Vannelli is hit by Jakub Galvas and loses puck.
11:44 of 2nd period - Rhett Gardner is hit by Tommy Vannelli.
12:16 of 2nd period - Tommy Vannelli is hit by Slater Koekkoek and loses puck.
12:34 of 2nd period - Kerby Rychel is hit by Slater Koekkoek and loses puck.
12:55 of 2nd period - Gianluca Curcuruto is hit by Oliver Kylington and loses puck.
13:31 of 2nd period - Snap shot by Gianluca Curcuruto.
13:31 of 2nd period - Deflect By Vincent Dunn.
13:31 of 2nd period - Stopped by Charlie Lindgren with a rebound.
13:47 of 2nd period - Austin Watson is hit by Jacob Bryson and loses puck.
14:13 of 2nd period - Icing by Brett Connolly.
14:14 of 2nd period - Ben Johnson wins face-off versus Sam Carrick in Sound Tigers zone.
14:19 of 2nd period - Snap shot by Filip Zadina.
14:19 of 2nd period - Shot Blocked by Sam Carrick.
14:21 of 2nd period - Wrist shot by Filip Zadina.
14:21 of 2nd period - Shot Misses the Net.
14:23 of 2nd period - Slapshot by Ben Johnson.
14:23 of 2nd period - Goal by Ben Johnson - Bears : 1 - Sound Tigers : 2.
14:24 of 2nd period - Sam Carrick wins face-off versus Joe Labate in neutral zone.
14:34 of 2nd period - Wrist shot by Joe Labate.
14:34 of 2nd period - Stopped by Jake Allen with a rebound.
14:50 of 2nd period - A.J. Jenks is hit by Ben Thomson and loses puck.
14:59 of 2nd period - Snap shot by A.J. Jenks.
14:59 of 2nd period - Stopped by Charlie Lindgren with a rebound.
15:37 of 2nd period - Wrist shot by Logan O'Connor.
15:37 of 2nd period - Stopped by Charlie Lindgren without a rebound.
15:38 of 2nd period - Joe Labate wins face-off versus Adam Lowry in Sound Tigers zone.
15:45 of 2nd period - Snap shot by Christian Fischer.
15:45 of 2nd period - Stopped by Jake Allen with a rebound.
15:49 of 2nd period - Snap shot by Jordan Greenway.
15:49 of 2nd period - Stopped by Jake Allen without a rebound.
15:50 of 2nd period - Sam Carrick wins face-off versus Joe Labate in Bears zone.
16:22 of 2nd period - Nick Blankenburg is hit by Gianluca Curcuruto and loses puck.
16:44 of 2nd period - Nick Blankenburg is hit by Cole Smith and loses puck.
16:53 of 2nd period - Minor Penalty to Rhett Gardner for Tripping.
16:54 of 2nd period - Sam Carrick wins face-off versus Jordan Greenway in Sound Tigers zone.
16:57 of 2nd period - Wrist shot by Kerby Rychel.
16:57 of 2nd period - Stopped by Charlie Lindgren with a rebound.
16:59 of 2nd period - Slapshot by Jacob Bryson.
16:59 of 2nd period - Goal by Jacob Bryson - Bears : 2 - Sound Tigers : 2.
17:00 of 2nd period - Joe Labate wins face-off versus Sam Carrick in neutral zone.
17:00 of 2nd period - Joe Labate is hit by Sam Carrick.
17:08 of 2nd period - Wrist shot by Joe Labate.
17:08 of 2nd period - Deflect By Christian Fischer.
17:08 of 2nd period - Stopped by Jake Allen with a rebound.
17:10 of 2nd period - Slapshot by Jordan Greenway.
17:10 of 2nd period - Shot Blocked by Tommy Vannelli.
17:28 of 2nd period - Slapshot by Austin Wuthrich.
17:28 of 2nd period - Stopped by Charlie Lindgren with a rebound.
17:30 of 2nd period - Minor Penalty to Joe Labate for Slashing.
17:31 of 2nd period - Sam Carrick wins face-off versus Jordan Greenway in Sound Tigers zone.
17:32 of 2nd period - Wrist shot by Kerby Rychel.
17:32 of 2nd period - Shot Misses the Net.
17:34 of 2nd period - Wrist shot by Sam Carrick.
17:34 of 2nd period - Shot Misses the Net.
17:36 of 2nd period - Slapshot by Tommy Vannelli.
17:36 of 2nd period - Goal by Tommy Vannelli - Bears : 3 - Sound Tigers : 2.
17:37 of 2nd period - Sam Carrick wins face-off versus Joe Labate in neutral zone.
17:52 of 2nd period - Wrist shot by Sam Carrick.
17:52 of 2nd period - Shot Misses the Net.
18:05 of 2nd period - Off-side.
18:06 of 2nd period - Austin Watson wins face-off versus Christian Dvorak in neutral zone.
18:19 of 2nd period - Wrist shot by Joshua Leivo.
18:19 of 2nd period - Stopped by Charlie Lindgren with a rebound.
19:16 of 2nd period - Slapshot by Alex Belzile.
19:16 of 2nd period - Deflect By Jacob Bryson.
19:16 of 2nd period - Shot Blocked by Emil Johansson.
19:16 of 2nd period - Puck is out of play.
19:17 of 2nd period - Adam Lowry wins face-off versus Ben Johnson in Bears zone.
19:25 of 2nd period - Minor Penalty to Ben Johnson for Tripping.
19:26 of 2nd period - Sam Carrick wins face-off versus Jordan Greenway in Sound Tigers zone.
19:28 of 2nd period - Wrist shot by Sam Carrick.
19:28 of 2nd period - Stopped by Charlie Lindgren with a rebound.
19:36 of 2nd period - Wrist shot by Jordan Greenway.
19:36 of 2nd period - Stopped by Jake Allen without a rebound.
19:37 of 2nd period - Jordan Greenway wins face-off versus Sam Carrick in Bears zone.
Goals for this period are 2 for Bears vs 2 for Sound Tigers.
Shots for this period are 10 for Bears vs 9 for Sound Tigers.
3rd period
0:01 of 3rd period - Jordan Greenway wins face-off versus Sam Carrick in neutral zone.
0:04 of 3rd period - Tommy Vannelli is hit by Oliver Kylington and loses puck.
0:39 of 3rd period - Off-side.
0:40 of 3rd period - Joshua Leivo wins face-off versus Ben Thomson in neutral zone.
0:49 of 3rd period - Wrist shot by Joshua Leivo.
0:49 of 3rd period - Stopped by Charlie Lindgren with a rebound.
0:51 of 3rd period - Wrist shot by Vincent Dunn.
0:51 of 3rd period - Goal by Vincent Dunn - Bears : 4 - Sound Tigers : 2.
0:51 of 3rd period - Chris Driedger enters game.
0:52 of 3rd period - Sam Carrick wins face-off versus Joe Labate in neutral zone.
1:07 of 3rd period - Slapshot by Nicolas Aube-Kubel.
1:07 of 3rd period - Stopped by Chris Driedger without a rebound.
1:08 of 3rd period - Christian Dvorak wins face-off versus Pavel Kraskovsky in Sound Tigers zone.
1:09 of 3rd period - Slapshot by A.J. Jenks.
1:09 of 3rd period - Stopped by Chris Driedger with a rebound.
1:21 of 3rd period - Snap shot by Pavel Kraskovsky.
1:21 of 3rd period - Deflect By Ben Thomson.
1:21 of 3rd period - Stopped by Jake Allen with a rebound.
1:23 of 3rd period - Snap shot by Oliver Kylington.
1:23 of 3rd period - Goal by Oliver Kylington - Bears : 4 - Sound Tigers : 3.
1:24 of 3rd period - Joe Labate wins face-off versus Sam Carrick in neutral zone.
1:33 of 3rd period - Slapshot by Christian Fischer.
1:33 of 3rd period - Shot Misses the Net.
1:35 of 3rd period - Snap shot by Jordan Greenway.
1:35 of 3rd period - Stopped by Jake Allen without a rebound.
1:36 of 3rd period - Sam Carrick wins face-off versus Joe Labate in Bears zone.
1:36 of 3rd period - Sam Carrick is hit by Joe Labate.
1:44 of 3rd period - Snap shot by Nicolas Aube-Kubel.
1:44 of 3rd period - Stopped by Chris Driedger with a rebound.
1:46 of 3rd period - Snap shot by Nicolas Aube-Kubel.
1:46 of 3rd period - Shot Misses the Net.
1:48 of 3rd period - Slapshot by Tommy Vannelli.
1:48 of 3rd period - Stopped by Chris Driedger without a rebound.
1:49 of 3rd period - Sam Carrick wins face-off versus Joe Labate in Sound Tigers zone.
2:00 of 3rd period - Wrist shot by Sam Carrick.
2:00 of 3rd period - Shot Misses the Net.
2:02 of 3rd period - Slapshot by Tommy Vannelli.
2:02 of 3rd period - Shot Blocked by Oliver Kylington.
2:10 of 3rd period - Minor Penalty to Oliver Kylington for Hooking.
2:11 of 3rd period - Sam Carrick wins face-off versus Jordan Greenway in Sound Tigers zone.
2:36 of 3rd period - Gabriel Carlsson is hit by Tommy Vannelli and loses puck.
4:10 of 3rd period - Penalty to Oliver Kylington is over, Oliver Kylington is back on ice.
4:20 of 3rd period - Nikolay Prokhorkin is hit by Christian Fischer and loses puck.
4:41 of 3rd period - Austin Wuthrich is hit by Christian Fischer.
4:55 of 3rd period - Jordan Greenway is hit by Adam Lowry and loses puck.
5:27 of 3rd period - Emil Johansson is hit by Christian Fischer and loses puck.
5:38 of 3rd period - Slapshot by Jordan Greenway.
5:38 of 3rd period - Stopped by Jake Allen with a rebound.
5:40 of 3rd period - Snap shot by Alexander Yelesin.
5:40 of 3rd period - Stopped by Jake Allen without a rebound.
5:41 of 3rd period - Pavel Kraskovsky wins face-off versus Christian Dvorak in Bears zone.
5:56 of 3rd period - Wrist shot by Alex Belzile.
5:56 of 3rd period - Shot Blocked by A.J. Jenks.
6:39 of 3rd period - Slapshot by Nick Blankenburg.
6:39 of 3rd period - Deflect By Ben Thomson.
6:39 of 3rd period - Shot Blocked by Gianluca Curcuruto.
6:39 of 3rd period - Puck is out of play.
6:40 of 3rd period - Christian Dvorak wins face-off versus Pavel Kraskovsky in Bears zone.
6:40 of 3rd period - Christian Dvorak is hit by Alexander Yelesin.
7:09 of 3rd period - Off-side.
7:10 of 3rd period - Pavel Kraskovsky wins face-off versus Cole Smith in neutral zone.
7:24 of 3rd period - Snap shot by Vincent Dunn.
7:24 of 3rd period - Shot Blocked by Ben Thomson.
8:22 of 3rd period - Gianluca Curcuruto is hit by Pavel Kraskovsky and loses puck.
9:07 of 3rd period - Wrist shot by Pavel Kraskovsky.
9:07 of 3rd period - Deflect By Austin Watson.
9:07 of 3rd period - Stopped by Jake Allen with a rebound.
9:37 of 3rd period - Slapshot by Alex Belzile.
9:37 of 3rd period - Stopped by Jake Allen without a rebound.
9:38 of 3rd period - A.J. Jenks wins face-off versus Rhett Gardner in Bears zone.
9:43 of 3rd period - Snap shot by Mikko Vainonen.
9:43 of 3rd period - Deflect By Oliver Kylington.
9:43 of 3rd period - Stopped by Chris Driedger without a rebound.
9:44 of 3rd period - Christian Fischer wins face-off versus Christian Dvorak in Sound Tigers zone.
9:56 of 3rd period - Off-side.
9:57 of 3rd period - Christian Dvorak wins face-off versus Joe Labate in neutral zone.
10:11 of 3rd period - Off-side.
10:12 of 3rd period - Sam Carrick wins face-off versus Pavel Kraskovsky in neutral zone.
10:12 of 3rd period - Nicolas Aube-Kubel is hit by Ben Thomson and loses puck.
10:50 of 3rd period - Wrist shot by Christian Fischer.
10:50 of 3rd period - Stopped by Jake Allen with a rebound.
11:08 of 3rd period - Wrist shot by A.J. Jenks.
11:08 of 3rd period - Goal by A.J. Jenks - Bears : 5 - Sound Tigers : 3.
11:09 of 3rd period - Christian Fischer wins face-off versus Christian Dvorak in neutral zone.
11:18 of 3rd period - Slapshot by Christian Fischer.
11:18 of 3rd period - Stopped by Jake Allen without a rebound.
11:19 of 3rd period - Joe Labate wins face-off versus Christian Dvorak in Bears zone.
11:22 of 3rd period - Wrist shot by Joe Labate.
11:22 of 3rd period - Shot Misses the Net.
11:24 of 3rd period - Wrist shot by Christian Fischer.
11:24 of 3rd period - Shot Misses the Net.
11:42 of 3rd period - Snap shot by Joe Labate.
11:42 of 3rd period - Stopped by Jake Allen without a rebound.
11:43 of 3rd period - Sam Carrick wins face-off versus Pavel Kraskovsky in Bears zone.
12:12 of 3rd period - Wrist shot by Cole Smith.
12:12 of 3rd period - Shot Blocked by Slater Koekkoek.
12:14 of 3rd period - Snap shot by Vincent Dunn.
12:14 of 3rd period - Stopped by Chris Driedger without a rebound.
12:15 of 3rd period - Joe Labate wins face-off versus Vincent Dunn in Sound Tigers zone.
12:15 of 3rd period - Joe Labate is hit by Michael Prapavessis.
12:52 of 3rd period - Alex Belzile is hit by A.J. Jenks and loses puck.
13:47 of 3rd period - Slapshot by Gabriel Carlsson.
13:47 of 3rd period - Shot Blocked by Jacob Bryson.
13:59 of 3rd period - Christian Fischer is hit by Christian Dvorak and loses puck.
14:32 of 3rd period - Rhett Gardner is hit by Kerby Rychel.
14:53 of 3rd period - Logan O'Connor is hit by Rhett Gardner and loses puck.
15:14 of 3rd period - Snap shot by Tyrell Goulbourne.
15:14 of 3rd period - Stopped by Jake Allen without a rebound.
15:15 of 3rd period - Nicolas Aube-Kubel wins face-off versus Joe Labate in Bears zone.
15:15 of 3rd period - Kerby Rychel is hit by Joe Labate and loses puck.
16:25 of 3rd period - Joshua Leivo is hit by Slater Koekkoek and loses puck.
16:52 of 3rd period - Pavel Kraskovsky is hit by Nicolas Aube-Kubel and loses puck.
17:12 of 3rd period - Icing by Ben Thomson.
17:13 of 3rd period - Pavel Kraskovsky wins face-off versus Adam Lowry in Sound Tigers zone.
17:26 of 3rd period - Snap shot by Cole Smith.
17:26 of 3rd period - Goal by Cole Smith - Bears : 6 - Sound Tigers : 3.
17:27 of 3rd period - Sam Carrick wins face-off versus Joe Labate in neutral zone.
17:32 of 3rd period - Wrist shot by Jordan Greenway.
17:32 of 3rd period - Stopped by Jake Allen without a rebound.
17:33 of 3rd period - Joe Labate wins face-off versus Sam Carrick in Bears zone.
17:44 of 3rd period - Snap shot by Christian Fischer.
17:44 of 3rd period - Stopped by Jake Allen without a rebound.
17:45 of 3rd period - Joe Labate wins face-off versus Christian Dvorak in Bears zone.
17:46 of 3rd period - Slapshot by Jordan Greenway.
17:46 of 3rd period - Stopped by Jake Allen with a rebound.
17:53 of 3rd period - Minor Penalty to Joshua Leivo for Hooking.
17:54 of 3rd period - Joe Labate wins face-off versus Sam Carrick in Bears zone.
18:07 of 3rd period - Snap shot by Jordan Greenway.
18:07 of 3rd period - Stopped by Jake Allen without a rebound.
18:08 of 3rd period - Kerby Rychel wins face-off versus Joe Labate in Bears zone.
18:13 of 3rd period - Slapshot by Tommy Vannelli.
18:13 of 3rd period - Deflect By Sam Carrick.
18:13 of 3rd period - Stopped by Chris Driedger with a rebound.
18:45 of 3rd period - Slater Koekkoek is hit by Kerby Rychel and loses puck.
19:20 of 3rd period - Pavel Kraskovsky is hit by Mikko Vainonen and loses puck.
19:44 of 3rd period - Minor Penalty to Austin Watson for Slashing.
19:45 of 3rd period - Kerby Rychel wins face-off versus Jordan Greenway in Sound Tigers zone.
19:53 of 3rd period - Penalty to Joshua Leivo is over, Joshua Leivo is back on ice.
Goals for this period are 3 for Bears vs 1 for Sound Tigers.
Shots for this period are 11 for Bears vs 15 for Sound Tigers.